 Dungeon Crawl Stone Soup version 0.18.1-48-g4cf74bf (webtiles) character file.

128 shimson the Shooter (level 4, 0/37 HPs)
             Began as a Centaur Hunter on July 12, 2016.
             Was a Follower of Dithmenos.
             Slain by an orc
             ... wielding a +0 whip
              (2 damage)
             ... on level 4 of the Dungeon.
             The game lasted 00:17:51 (2518 turns).

shimson the Shooter (Centaur Hunter)                Turns: 2518, Time: 00:17:53

Health: 0/37       AC:  8    Str: 14    XL:     4   Next: 87%
Magic:  4/4        EV:  1    Int: 10    God:    Dithmenos [*.....]
Gold:   145        SH:  0    Dex: 11    Spells: 0 memorised, 3 levels left

rFire  . . .     SeeInvis .     a - +1 shortbow
rCold  . . .     Gourm    .     o - +0 plate armour
rNeg   . . .     Faith    .     (shield currently unavailable)
rPois  .         Spirit   .     (no helmet)
rElec  .         Dismiss  .     (no cloak)
rCorr  .         Reflect  .     (no gloves)
SustAt .         Harm     .     (no barding)
MR     .....                    (no amulet)
Stlth  ..........               (no ring)
                                (no ring)

@: confused, very slightly contaminated, wreathed by umbra, very quick, not
resistant to hostile enchantments, extremely unstealthy
A: hooves 3, deformed body, speed 2, tough skin 3
a: Renounce Religion


You were on level 4 of the Dungeon.
You worshipped Dithmenos.
Dithmenos was aware of your devotion.
You were not hungry.

You visited 1 branch of the dungeon, and saw 4 of its levels.

You collected 145 gold pieces.

Inventory:

Hand Weapons
 a - a +1 shortbow (weapon)
 b - a +0 short sword
 e - a -3 dagger
Missiles
 d - 41 arrows (quivered)
Armour
 c - a +0 leather armour
 o - a +0 plate armour (worn)
Jewellery
 k - an uncursed ring of poison resistance {unknown}
 n - an uncursed ring of fire {unknown}
Scrolls
 p - a scroll of identify
 q - 2 scrolls of random uselessness
 s - 2 scrolls of remove curse
Potions
 j - a potion of brilliance
Miscellaneous
 m - a plain deck of defence
Comestibles
 f - 4 bread rations
 g - 4 fruits
 i - a meat ration


   Skills:
 + Level 2.6 Fighting
 + Level 0.1 Short Blades
 + Level 7.5 Bows
 + Level 0.4 Armour
 + Level 1.7 Dodging
 + Level 0.5 Stealth


You had 3 spell levels left.
You didn't know any spells.

Dungeon Overview and Level Annotations

Branches:
Dungeon (4/15)
 Temple: D:4-7

Altars:
Dithmenos
Nemelex Xobeh
Xom

Annotations:
D:4 ayyllmao's ghost, amateur SpEn


Innate Abilities, Weirdness & Mutations

You have hooves in place of feet.
Armour fits poorly on your strangely shaped body.
You cover ground very quickly.
You have extremely tough skin (AC +3).


Message History

The howler monkey hits you but does no damage.
The howler monkey bites you but does no damage.
An orc comes into view. It is wielding a dagger.
You're too confused!
You're too confused!
You're too confused to move!
You are no longer glowing.
The howler monkey hits you but does no damage.
The howler monkey bites you but does no damage.
Ayyllmao's ghost whispers, "Be very very quiet, I'm hunting Centaurs."
The orc hits you with a whip.
* * * LOW HITPOINT WARNING * * *
Unknown command.
You're too confused to move!
The howler monkey hits you.
* * * LOW HITPOINT WARNING * * *
The howler monkey bites you.
* * * LOW HITPOINT WARNING * * *
Ayyllmao's ghost hits you but does no damage.
The orc hits you with a whip.
You die...

### ### ..# #..
#.# #.# #.#
#.######
###.###$#.W@.#
#........oh#o#
#(#.###.#..#o..
# #.#.#
#.#..#....$
#.##.#.#
#.#.......##
#......#
#........#.#
####.###
###.##.#.##.#
#(# #.. .#.# ##
#.# ### ##+## #


You could see a howler monkey, ayyllmao's ghost and 3 orcs.

Vanquished Creatures
  3 adders
  3 oozes
  5 worms
  4 dart slugs
  3 giant geckos
  An orc (D:3)
  5 bats
  3 giant cockroaches
  4 goblins
  4 hobgoblins
  6 jackals
  6 kobolds
  A quokka (D:2)
  2 ball pythons
  3 giant newts
  11 rats
64 creatures vanquished.

Notes
Turn   | Place    | Note
--------------------------------------------------------------
     0 | D:1      | shimson the Centaur Hunter began the quest for the Orb.
     0 | D:1      | Reached XP level 1. HP: 17/17 MP: 1/1
   171 | D:1      | Reached XP level 2. HP: 24/24 MP: 2/2
   233 | D:1      | Reached skill level 6 in Bows
   467 | D:1      | Found a shimmering altar of Xom.
   593 | D:2      | Reached XP level 3. HP: 29/29 MP: 3/3
  1238 | D:2      | Reached skill level 7 in Bows
  1242 | D:2      | Reached XP level 4. HP: 31/36 MP: 4/4
  1252 | D:2      | Found a shadowy altar of Dithmenos.
  1287 | D:2      | Became a worshipper of Dithmenos the Shadowed
  1390 | D:2      | Found a sparkling altar of Nemelex Xobeh.
  2005 | D:3      | Reached * piety under Dithmenos
  2094 | D:3      | Found a faded altar to an unknown god.
  2422 | D:4      | Noticed ayyllmao's ghost (amateur SpEn)
  2518 | D:4      | Slain by an orc

Skill      XL: |  1  2  3 |
---------------+----------+-----
Bows           | 6 7 |  7.5
Fighting       | |  2.6
Short Blades   | |  0.1
Armour         | |  0.4
Dodging        | |  1.7
Stealth        | |  0.5

Action                   |  1- 3 |  4- 6 || total
-------------------------+-------+-------++-------
Melee: Short sword       |       |    67 ||    67
       Kick              |       |    12 ||    12
 Fire: Shortbow          |   101 |    66 ||   167
  Use: Potion            |     1 |     4 ||     5
       Scroll            |     2 |     3 ||     5
  Eat: Meat ration       |       |     1 ||     1
Armor: Leather armour    |    18 |     3 ||    21
       Plate armour      |       |    95 ||    95
Dodge: Dodged            |    24 |     8 ||    32
